 Dungeon Crawl Stone Soup version 0.19-a0-368-g4db2635 (webtiles) character file.

503 Ordine the Changer (level 7, -3/43 HPs)
             Began as an Octopode Transmuter on May 30, 2016.
             Slain by Grinder (10 damage)
             ... while paralysed by Grinder
             ... on level 4 of the Dungeon.
             The game lasted 00:07:42 (4351 turns).

Ordine the Changer (Octopode Transmuter)            Turns: 4351, Time: 00:07:43

Health: -3/43      AC:  2    Str: 10    XL:     7   Next: 17%
Magic:  7/10       EV:  5    Int: 17    God:
Gold:   169        SH:  0    Dex: 17    Spells: 2 memorised, 2 levels left

rFire  . . .     SeeInvis .       - Unarmed
rCold  . . .     Gourm    .     (shield currently unavailable)
rNeg   . . .     Faith    .     (helmet currently unavailable)
rPois  x         Spirit   .     e - amulet of rage
rElec  .         Dismiss  .     (no ring)
rCorr  .         Reflect  .     (no ring)
SustAt .         Harm     .     (no ring)
MR     .....                    (no ring)
Stlth  ++........               (no ring)
                                (no ring)
                                (no ring)
                                (no ring)

@: paralysed, spider-form, not resistant to hostile enchantments, unstealthy
A: almost no armour, (amphibious), 8 rings, (constrict 8), (camouflage 0),
mutation resistance 1, (gelatinous body 0)
a: End Transformation, Evoke Berserk Rage


You were on level 4 of the Dungeon.
You were not hungry.
You were a venomous arachnid creature.
You visited 1 branch of the dungeon, and saw 4 of its levels.

You collected 169 gold pieces.

Inventory:

Jewellery
 e - an amulet of rage (around neck)
Scrolls
 i - a scroll of remove curse {unknown}
 k - a scroll of fog
Books
 b - a book of Changes

   Spells                             Type                      Level
   a - Beastly Appendage              Transmutation                1
   b - Sticks to Snakes               Transmutation                2
   c - Spider Form                    Transmutation/Poison         3
   d - Ice Form                       Ice/Transmutation            4
   e - Blade Hands                    Transmutation                5
Comestibles
 a - 3 meat rations
 c - a bread ration
 d - a royal jelly
 f - 8 chunks of flesh
 g - a beef jerky
 h - 3 fruits


   Skills:
 - Level 1.0 Fighting
 - Level 2.0 Dodging
 - Level 3.0 Unarmed Combat
 - Level 2.0 Spellcasting
 + Level 7.6 Transmutations


You had 2 spell levels left.
You knew the following spells:

 Your Spells              Type           Power        Failure   Level  Hunger
a - Spider Form           Tmut/Pois      ##........   32%         3    ###....
b - Blade Hands           Tmut           ####......   45%         5    ######.


Dungeon Overview and Level Annotations

Branches:
Dungeon (4/15)
 Temple: D:4-7

Altars:
Dithmenos
Fedhas
Kikubaaqudgha
Makhleb
Okawaru
Sif Muna
The Shining One

Annotations:
D:4 Grinder


Innate Abilities, Weirdness & Mutations

You cannot wear most types of armour.
((You are amphibious.))
You can wear up to eight rings at the same time.
((You can use your tentacles to constrict eight enemies at once.))
((Your skin changes colour to match your surroundings (Stealth+).))
((Your rubbery body absorbs attacks. (AC +1)))
You are somewhat resistant to further mutation.


Message History

Confirm with . or Enter, or press ? or * to list all spells.
You turn into a venomous arachnid creature.
Grinder shouts!
Grinder blinks!
You hit Grinder but do no damage.
Grinder is poisoned.
Grinder misses you.
You completely miss Grinder.
Grinder is lightly wounded.
Grinder hits you!
You writhe in agony.
You hit Grinder but do no damage.
Grinder is lightly wounded.
Grinder gestures at you.
You suddenly lose the ability to move!
Grinder hits you.
You writhe in agony.
Grinder gestures at you. Pain shoots through your body!
* * * LOW HITPOINT WARNING * * *
Grinder gestures at you. You resist with significant effort. Grinder hits you!
You die...

#.# #.#
#.# #.#
#.# #.#
#.#
#.########
#5s.......
##########


You could see Grinder.

Vanquished Creatures
  Sigmund (D:2)
  A centaur skeleton (D:3)
  A gnoll shaman (D:3)
  3 orc wizards (D:3)
  Ijyb (D:2)
  A hound zombie (D:3)
  5 gnolls (D:3)
  4 adders
  3 worms
  A dart slug (D:3)
  4 giant geckos
  6 orcs (D:3)
  2 giant cockroaches
  8 goblins
  4 hobgoblins
  6 jackals
  2 quokkas
  2 ball pythons
  3 bats
  3 giant newts
  7 kobolds
  8 rats
76 creatures vanquished.

Notes
Turn   | Place    | Note
--------------------------------------------------------------
     0 | D:1      | Ordine the Octopode Transmuter began the quest for the Orb.
     0 | D:1      | Reached XP level 1. HP: 13/13 MP: 3/3
   493 | D:1      | Reached XP level 2. HP: 18/18 MP: 5/5
  1146 | D:2      | Found a burning altar of Makhleb.
  1149 | D:2      | Found a deep blue altar of Sif Muna.
  1157 | D:2      | Found a glowing golden altar of the Shining One.
  1158 | D:2      | Found a blossoming altar of Fedhas.
  1289 | D:2      | Reached skill level 3 in Transmutations
  1499 | D:2      | Reached XP level 3. HP: 23/23 MP: 6/6
  1504 | D:2      | Learned a level 3 spell: Spider Form
  1630 | D:2      | Found an iron altar of Okawaru.
  1631 | D:2      | Found an ancient bone altar of Kikubaaqudgha.
  1669 | D:2      | Noticed Sigmund
  1671 | D:2      | Gained mutation: You are somewhat resistant to further mutation. [potion of mutation]
  1730 | D:2      | Killed Sigmund
  1730 | D:2      | Reached skill level 5 in Transmutations
  1730 | D:2      | Reached XP level 4. HP: 15/28 MP: 3/7
  1730 | D:2      | Reached XP level 5. HP: 17/33 MP: 3/8
  1970 | D:2      | Learned a level 5 spell: Blade Hands
  2094 | D:2      | Noticed Ijyb
  2105 | D:2      | Killed Ijyb
  2105 | D:2      | Reached skill level 6 in Transmutations
  2105 | D:2      | Reached XP level 6. HP: 36/38 MP: 2/9
  2356 | D:3      | Found a shadowy altar of Dithmenos.
  3093 | D:3      | HP: 1/38 [gnoll/spear (8)]
  3108 | D:3      | Reached skill level 7 in Transmutations
  3451 | D:3      | Reached XP level 7. HP: 32/43 MP: 7/10
  4342 | D:4      | Noticed Grinder
  4347 | D:4      | Paralysed by Grinder for 4 turns
  4351 | D:4      | Slain by Grinder

Vault maps used:
D:1:      onia_arrival_mini_maze, serial_corexii_hall, corexii_hall_statues_x,
          corexii_hall_statues_s, corexii_hall_statues_t,
          corexii_hall_statues_i, minmay_shallow_snake_nest
D:2:      grunt_temple_overflow_open, minmay_misc_feat_pillars, uniq_sigmund,
          uniq_iyjb
D:3:      st_stairs_9, serial_bayou_pond_e, nicolae_dithmenos_shadow_blocks
D:4:      kennysheep_slug_shrine, first_bread, serial_shops,
          nicolae_shop_behind_doors, uniq_grinder, uniq_duvessa,
          uniq_crazy_yiuf_cottage

Skill      XL: |  1  2  3  4  5  6 |
---------------+-------------------+-----
Transmutations | 3 5 6 7 |  7.6
Fighting       | |  1.0
Dodging        | |  2.0
Unarmed Combat | |  3.0
Spellcasting   | |  2.0

Action                   |  1- 3 |  4- 6 |  7- 9 || total
-------------------------+-------+-------+-------++-------
Melee: Unarmed           |    63 |   133 |    39 ||   235
       Constrict         |    12 |    18 |     3 ||    33
       Kick              |     2 |       |       ||     2
       Tentacles         |     5 |    14 |     2 ||    21
       Punch             |       |     1 |       ||     1
 Cast: Beastly Appendage |     2 |       |       ||     2
       Spider Form       |     1 |     6 |     3 ||    10
  Use: Scroll            |     3 |     3 |       ||     6
       Potion            |     2 |     1 |       ||     3
 Stab: Sleeping          |     4 |     8 |       ||    12
  Eat: Chunk             |     2 |     6 |     4 ||    12
Armor: Skin              |     8 |     2 |     5 ||    15
Dodge: Dodged            |    42 |    76 |    51 ||   169
